 Dungeon Crawl Stone Soup version 0.30.0-30-g96aa6591b8 (webtiles) character file.

Game seed: 12252814796812013549

13673 coffeetime the Protected (level 11, -4/105 HPs)
             Began as a Minotaur Fighter on June 29, 2023.
             Was the Champion of Elyvilon.
             Slain by a boulder beetle (7 damage)
             ... on level 11 of the Dungeon.
             The game lasted 00:54:25 (12194 turns).

coffeetime the Protected (Minotaur Fighter)        Turns: 12194, Time: 00:54:26

Health: -4/105     AC: 17    Str: 24    XL:     11   Next: 78%
Magic:  0/14       EV: 10    Int:  5    God:    Elyvilon [******]
Gold:   305        SH: 10    Dex: 11    Spells: 10/10 levels left

rFire   . . .        r - +1 scimitar (flame)
rCold   . . .        W - +0 kite shield
rNeg    . . .        C - +3 chain mail {rPois}
rPois   +            (helmet restricted)
rElec   .            (no cloak)
rCorr   .            (no gloves)
SInv    .            y - +0 pair of boots
Will    +....        F - amulet of guardian spirit Stlth
                     f - +4 ring of slaying
HPRegen 0.37/turn    H - ring of willpower
MPRegen 0.14/turn

%: guardian spirit
@: mighty
A: horns 2, retaliatory headbutt
a: Renounce Religion, Purification, Heal Other, Heal Self, Divine Vigour


You were on level 11 of the Dungeon.
You worshipped Elyvilon.
Elyvilon was exalted by your worship.
You visited 2 branches of the dungeon, and saw 12 of its levels.
You visited 1 bazaar.
You also visited: Sewer and Bailey.

You collected 881 gold pieces.
You spent 576 gold pieces at shops.

Inventory:

Hand Weapons
 a - a +4 falchion
 b - the +9 sling "Minotaur's Peril" {speed, rPois rF+ Stlth+}
   (You bought it in a shop in a bazaar)

   rF:        It protects you from fire.
   rPois:     It protects you from poison.
   Stlth:     It makes you more stealthy.
 r - a +1 scimitar of flaming (weapon)
 I - a +3 hand axe
 O - a +2 mace of freezing
 R - a +1 heavy halberd
Missiles
 i - 2 atropa-tipped darts
 o - 10 poisoned darts (quivered)
 v - 3 curare-tipped darts
 M - a throwing net
Armour
 u - the +1 pair of gloves of the Desolation of Salt {Will- Str+2 Int+2}
   (You found it in a bailey)

   Str:       It affects your strength (+2).
   Int:       It affects your intelligence (+2).
   Will:      It decreases your willpower.
 y - a +0 pair of boots (worn)
 C - a +3 chain mail of poison resistance (worn)
 E - a +3 ring mail of positive energy
 W - a +0 kite shield (worn)
Jewellery
 f - a +4 ring of slaying (left hand)
 n - a ring of fire
 F - an amulet of guardian spirit (around neck)
 H - a ring of willpower (right hand)
 K - a +5 ring of evasion
Wands
 g - a wand of paralysis (19)
 G - a wand of iceblast (15)
 J - a wand of flame (15)
 V - a wand of mindburst (10)
Scrolls
 j - 3 scrolls of vulnerability
 l - 3 scrolls of acquirement {unknown}
 q - 3 scrolls of teleportation {unknown}
 w - a scroll of enchant weapon
 B - 3 scrolls of blinking
 D - a scroll of brand weapon
 L - 2 scrolls of fog
 T - a scroll of poison
Potions
 d - a potion of might
 e - 2 potions of curing
 h - a potion of heal wounds {unknown}
 k - 3 potions of magic {unknown}
 m - 2 potions of degeneration {unknown}
 p - a potion of berserk rage {unknown}
 s - 5 potions of resistance {unknown}
 t - a potion of haste
 z - 5 potions of brilliance
 A - 2 potions of lignification {unknown}
 N - 2 potions of flight {unknown}
 Q - 2 potions of invisibility {unknown}
 S - a potion of cancellation {unknown}


   Skills:
 * Level 12.7 Fighting
 - Level 0.1 Long Blades
 - Level 4.6 Polearms
 * Level 2.4 Ranged Weapons
 - Level 3.0 Throwing
 + Level 13.1 Armour
 * Level 5.4 Dodging
 - Level 1.1 Stealth
 - Level 8.0 Shields
 - Level 6.0 Invocations
 - Level 4.0 Evocations


You had 10 spell levels left.
You didn't know any spells.
Your spell library contained the following spells:

 Spells                   Type           Power      Damage    Failure   Level
 Foxfire                  Conj/Fire      0%         2x1d4     98%         1
 Slow                     Hex            0%         N/A       98%         1
 Searing Ray              Conj           0%         2d4       99%         2
 Confusing Touch          Hex            0%         N/A       100%        3
 Gell's Gravitas          Tloc           0%         N/A       100%        3
 Mephitic Cloud           Conj/Pois/Air  0%         N/A       100%        3
 Teleport Other           Tloc           0%         N/A       100%        3
 Vampiric Draining        Necr           0%         2d6       100%        3
 Volatile Blastmotes      Fire/Tloc      0%         2d10      100%        3
 Manifold Assault         Tloc           0%         N/A       100%        4
 Passage of Golubria      Tloc           0%         N/A       100%        4
 Fireball                 Conj/Fire      0%         3d3       100%        5
 Silence                  Hex/Air        0%         N/A       100%        5
 Summon Forest            Summ/Tloc      0%         N/A       100%        5
 Dispersal                Tloc           0%         N/A       100%        6
 Plasma Beam              Fire/Air       0%         2x1d11    100%        6
 Simulacrum               Ice/Necr       0%         N/A       100%        6
 Starburst                Conj/Fire      0%         6d3       100%        6
 Ozocubu's Refrigeration  Ice            0%         4d7       100%        7
 Spellforged Servitor     Conj/Summ      0%         N/A       100%        7
 Lehudib's Crystal Spear  Conj/Erth      0%         10d2      100%        8
 Polar Vortex             Ice            0%         N/A       100%        9


Dungeon Overview and Level Annotations

Branches:
Dungeon (11/15)            Temple (1/1) D:4            Lair (0/5) D:11
  Sewer (visited)          Bailey (visited)
    Orc: D:9-12

Altars:
Ashenzari
Cheibriados
Dithmenos
Elyvilon
Fedhas
Gozag
Hepliaklqana
Kikubaaqudgha
Makhleb
Nemelex Xobeh
Okawaru
Qazlal
Ru
Sif Muna
Trog
Uskayaw
Vehumet
Wu Jian
Xom
Yredelemnul
Zin
The Shining One

Shops:
D:5 :   D:7 (   D:9 *   D:11 *:


Innate Abilities, Weirdness & Mutations

You have a pair of horns on your head.
You reflexively headbutt those who attack you in melee.


Message History

* * * LOW HITPOINT WARNING * * *
The four-headed hydra bites you but does no damage.
Unknown command.
You lop one of the four-headed hydra's heads off!
The flame cauterises the wound!
You slash the three-headed hydra! You burn the three-headed hydra.
You kill the three-headed hydra!
You slash the cyclops! You burn the cyclops!
The cyclops is heavily wounded.
The cyclops hits you!!
* * * LOW HITPOINT WARNING * * *
Okay, then.
As you read the scroll of fear, it crumbles to dust.
You assume a fearsome visage.
The cyclops looks frightened!
Okay, then.
A boulder beetle comes into view.
The boulder beetle bites you!! Elyvilon protects you from harm!
You hit the boulder beetle. You burn the boulder beetle.
You headbutt the boulder beetle, but do no damage.
The boulder beetle is lightly wounded.
The boulder beetle bites you!
* * * LOW HITPOINT WARNING * * *
The boulder beetle misses you.
You slash the boulder beetle! You burn the boulder beetle.
Your headbutt misses the boulder beetle.
The boulder beetle is moderately wounded.
The boulder beetle bites you.
* * * LOW HITPOINT WARNING * * *
You slash the boulder beetle! You burn the boulder beetle.
The boulder beetle is heavily wounded.
You block the boulder beetle's attack. x2
You hit the boulder beetle but do no damage.
The boulder beetle is heavily wounded.
You block the boulder beetle's attack.
You slice the boulder beetle!! You burn the boulder beetle.
You headbutt the boulder beetle.
The boulder beetle is almost dead.
You block the boulder beetle's attack. The boulder beetle bites you!
You die...

.#.##.# *,* .#.##.# *,*
C#.#*,* *,*
.#.#*,****************,*
†#..,,,,,,,,,,,,,,,,,,,*
.####,***####***************
....#,,,,.....,,,,,,,,,,,<,*
###.#,,,,......####*******,*
#.#,,,,......B@.# *,*
#.#****########.# *,*
#.#############.# *,*
#...............# *,*
**#################*******,*
,,,,,,,,,,,,,,,,,,,,,,,,,,,*
****************************


You could see a boulder beetle.

Vanquished Creatures
  A hydra (D:11)
  2 two-headed ogres (D:11)
  An orc knight (Bailey)
  A deep elf pyromancer (Bailey)
  A manticore (D:11)
  Maggie (D:8)
  An unseen horror (D:10)
  4 unseen horror zombies (D:9)
  A rime drake (D:11)
  An efreet (D:10)
  A polar bear (D:11)
  5 trolls
  Prince Ribbit (D:7)
  Grinder (D:5)
  2 shadows
  A water elemental (D:11)
  A wyvern (D:9)
  4 yaks (D:9)
  4 wraiths
  3 steam dragons (D:9)
  A water moccasin (D:9)
  Pargi (Sewer)
  2 black bears (D:5)
  10 orc warriors
  7 ice beasts
  3 ogres
  8 centaurs
  2 wolves (D:11)
  A phantom (D:5)
  3 bullfrogs
  A scorpion (D:4)
  14 wights
  7 killer bees
  A howler monkey (D:9)
  An electric eel (D:8)
  A centaur zombie (D:9)
  3 orc priests
  A jelly (D:5)
  3 hounds
  A gnoll bouda (D:9)
  3 sleepcaps (D:6)
  3 iguanas
  10 orc wizards
  A killer bee zombie (D:9)
  A howler monkey zombie (D:9)
  5 adders
  A shadow imp (D:6)
  A white imp (D:5)
  2 ufetubi (D:6)
  A worm (D:5)
  2 dart slugs (D:3)
  24 orcs
  7 bats
  4 endoplasms
  3 giant cockroaches
  16 goblins
  6 hobgoblins
  5 jackals
  5 quokkas
  13 ball pythons
  2 frilled lizards
  6 kobolds
  4 rats
233 creatures vanquished.

Vanquished Creatures (others)
  An ice beast (D:11)
  An orc wizard (D:9)
2 creatures vanquished.

Grand Total: 235 creatures vanquished

Notes
Turn   | Place    | Note
-------+----------+-------------------------------------------
     0 | D:1      | coffeetime the Minotaur Fighter began the quest for the
                  | Orb.
     0 | D:1      | Reached XP level 1. HP: 19/19 MP: 0/0
    41 | D:1      | Found a faded altar of an unknown god.
    68 | D:1      | Prayed at the altar of an unknown god.
    68 | D:1      | Became a worshipper of Elyvilon the Healer
    68 | D:1      | Reached * piety under Elyvilon
   203 | D:1      | Reached skill level 4 in Armour
   205 | D:1      | Reached XP level 2. HP: 18/26 MP: 1/1
   855 | D:2      | Reached ** piety under Elyvilon
  1005 | D:2      | Reached XP level 3. HP: 33/33 MP: 2/2
  1419 | D:3      | Reached skill level 1 in Dodging
  1745 | D:3      | Found a glowing drain.
  1763 | Sewer    | Entered a sewer
  1766 | Sewer    | Reached XP level 4. HP: 36/40 MP: 3/3
  1797 | Sewer    | Noticed Pargi
  1806 | Sewer    | Killed Pargi
  1807 | Sewer    | Reached XP level 5. HP: 43/47 MP: 4/4
  1987 | D:3      | Reached *** piety under Elyvilon
  2571 | D:4      | Reached skill level 5 in Armour
  2578 | D:4      | Reached skill level 5 in Fighting
  2578 | D:4      | Reached XP level 6. HP: 56/56 MP: 5/5
  2680 | D:4      | Found a staircase to the Ecumenical Temple.
  2716 | D:4      | Found a shadowy altar of Dithmenos.
  2822 | Temple   | Entered the Ecumenical Temple
  3083 | D:4      | Reached **** piety under Elyvilon
  3375 | D:5      | Entered Level 5 of the Dungeon
  3418 | D:5      | Found a glowing golden altar of the Shining One.
  3443 | D:5      | Noticed Grinder
  3504 | D:5      | Reached skill level 1 in Throwing
  3504 | D:5      | Reached XP level 7. HP: 39/62 MP: 6/6
  3608 | D:5      | Identified the +0 robe "Emetesk" {rN+ Regen+}
  3670 | D:5      | Found Dextus's Tremendous Tomes.
  3691 | D:5      | Reached skill level 6 in Armour
  3819 | D:6      | Reached skill level 5 in Shields
  4414 | D:6      | Reached ***** piety under Elyvilon
  4524 | D:6      | Reached XP level 8. HP: 65/71 MP: 7/7
  4808 | D:7      | Reached skill level 7 in Armour
  4921 | D:7      | Found a shimmering altar of Xom.
  5012 | D:7      | Found an iron altar of Okawaru.
  5096 | D:7      | Found a blossoming altar of Fedhas.
  5241 | D:7      | Found Golofa's Weapon Shoppe.
  5305 | D:7      | Noticed Prince Ribbit
  5336 | D:7      | Killed Prince Ribbit
  5337 | D:7      | Reached skill level 1 in Invocations
  5337 | D:7      | Reached skill level 1 in Evocations
  5505 | D:7      | Reached skill level 8 in Armour
  5625 | D:7      | Got the Encyclopedia of the Badger
  5750 | D:8      | Noticed Maggie
  5832 | D:8      | Found a stormy altar of Qazlal.
  5834 | D:8      | Noticed an air elemental
  5986 | D:9      | Found a white marble altar of Elyvilon.
  5992 | D:9      | Found Futu Ify's Assorted Antiques.
  5993 | D:9      | Noticed a troll
  6002 | D:9      | Killed a troll
  6003 | D:9      | Reached XP level 9. HP: 26/81 MP: 8/10
  6007 | D:9      | Bought 2 sapphire potions for 59 gold pieces
  6262 | D:9      | Noticed a troll
  6288 | D:9      | Reached skill level 9 in Armour
  6298 | D:9      | Killed a troll
  6324 | D:9      | Noticed a troll
  6338 | D:9      | Reached skill level 1 in Stealth
  6346 | D:9      | Killed a troll
  6347 | D:9      | Reached skill level 10 in Armour
  6347 | D:9      | Reached XP level 10. HP: 34/91 MP: 2/12
  6950 | D:9      | Reached skill level 5 in Invocations
  7088 | D:9      | Reached skill level 10 in Fighting
  7134 | D:9      | Found a glowing silver altar of Zin.
  7661 | D:10     | Entered Level 10 of the Dungeon
  7728 | D:10     | Reached skill level 11 in Armour
  7758 | D:10     | Found a flagged portal.
  7779 | Bailey   | Entered a bailey
  8267 | Bailey   | Noticed an orc knight
  8281 | Bailey   | Killed an orc knight
  8295 | Bailey   | Found a large runed translucent door.
  8295 | Bailey   | Found a large runed translucent door.
  8296 | Bailey   | Noticed a deep elf pyromancer
  8320 | Bailey   | Killed a deep elf pyromancer
  8321 | Bailey   | Reached XP level 11. HP: 75/102 MP: 11/14
  8330 | Bailey   | Got the Verses on Elsewhere and Arcane Weapons
  8342 | Bailey   | Identified the +1 pair of gloves of the Desolation of Salt
                  | {Will- Str+2 Int+2}
  8663 | D:10     | Found an opulent altar of Gozag.
  9738 | D:8      | Reached ****** piety under Elyvilon
  9751 | D:8      | Reached skill level 12 in Armour
  9821 | D:8      | Killed Maggie
 10168 | D:5      | Killed Grinder
 10270 | D:5      | Found a hide-covered altar of Uskayaw.
 10900 | D:11     | Found Moadiph's Book Boutique.
 11057 | D:11     | Found a staircase to the Lair.
 11065 | D:11     | Noticed a two-headed ogre
 11100 | D:11     | Found a flickering gateway to a bazaar.
 11109 | Bazaar   | Entered a bazaar
 11110 | Bazaar   | Found Guajyacw's Assorted Antiques.
 11123 | Bazaar   | Found Faseodghi's Jewellery Shop.
 11148 | Bazaar   | Found Rior's Armour Emporium.
 11162 | Bazaar   | Found Galacl Gasia's Weapon Shop.
 11229 | Bazaar   | Bought a bubbling green potion for 20 gold pieces
 11229 | Bazaar   | Bought a cyan potion for 20 gold pieces
 11229 | Bazaar   | Bought a dazzling sling for 149 gold pieces
 11229 | Bazaar   | Identified the +9 sling "Minotaur's Peril" {speed, rPois
                  | rF+ Stlth+} (You bought it in a shop in a bazaar)
 11273 | Bazaar   | Bought a +0 kite shield for 58 gold pieces
 11327 | D:11     | Killed a two-headed ogre
 11417 | D:11     | Noticed a two-headed ogre
 11436 | D:11     | Killed a two-headed ogre
 11437 | D:11     | Reached skill level 1 in Ranged Weapons
 11698 | D:11     | Reached skill level 5 in Dodging
 11824 | D:11     | Found Wennuipt's General Store.
 11832 | D:11     | Bought a scroll of identify for 20 gold pieces
 11832 | D:11     | Bought a ring of willpower for 250 gold pieces
 12139 | D:11     | Reached skill level 13 in Armour
 12150 | D:11     | Noticed a seven-headed hydra
 12164 | D:11     | Killed a three-headed hydra
 12165 | D:11     | HP: 4/105 [cyclops (21)]
 12188 | D:11     | Noticed a boulder beetle
 12189 | D:11     | Elyvilon protects you from harm!
 12190 | D:11     | HP: 5/105 [boulder beetle (8)]
 12191 | D:11     | HP: 2/105 [boulder beetle (4)]
 12194 | D:11     | Slain by a boulder beetle

Illustrated notes

Levels and vault maps discovered:
D:1:      roderic_crop_circles_arrival_small, layout_basic,
          hellmonk_ecumenical_altar_crossroads, hex_large
D:2:      layout_rooms
D:3:      layout_basic, portal_sewer_entry_f, kennysheep_boxes
D:4:      layout_loops_ring, mainiacjoe_overflow_paths,
          minmay_temple_entry_hall, hex_medium, feat_on_display
D:5:      layout_gridville, nicolae_overflow_hidden_temple,
          nicolae_tso_swordbearing_angel, roderic_malta_cross,
          nicolae_shop_i_like_big_books, uniq_grinder
D:6:      layout_basic, solitary_fountain, nicolae_nh_ransacked_shop
D:7:      layout_gridville, mainiacjoe_overflow_large_starburst,
          mainiacjoe_overflow_catwalk, serial_shops,
          nicolae_shop_advertising_works [nicolae_subvault_shop_adworks],
          uniq_prince_ribbit1
D:8:      layout_rooms, nicolae_qazlal_style_of_elements,
          nicolae_concentric_dashed_squares_mild, nicolae_water_bricks,
          uniq_maggie
D:9:      layout_basic, nicolae_overflow_crystal_walls,
          mainiacjoe_overflow_six_doors_small, serial_shops, shop,
          serial_undead, serial_undead_d, serial_undead_f, serial_undead_e,
          serial_undead_f, kennysheep_kite_vault
D:10:     layout_layer_cave, nicolae_gozag_cash_rules_everything_around_me,
          enter_bailey_3, kennysheep_generic_room_6
D:11:     minmay_sliced_demisemicircle, layout_basic, hellmonk_lair_entry_icy,
          serial_shops, bzr_firewalk, shop, nicolae_stop_n_shop_1
Temple:   hellmonk_temple_flake

Skill      XL: |  1  2  3  4  5  6  7  8  9 10 11 |
---------------+----------------------------------+-----
Armour         | 4 5 6 8 10 11 13 | 13.1
Polearms       | 3 4 |  4.6
Fighting       | 4 5 6 8 9 11 12 | 12.7
Dodging        | 1 2 3 5 |  5.4
Shields        | 4 5 6 7 8 |  8.0
Throwing       | 1 2 3 |  3.0
Invocations    | 3 4 5 6 |  6.0
Evocations     | 2 3 4 |  4.0
Stealth        | 1 |  1.1
Ranged Weapons | 2 |  2.4
Long Blades    | |  0.1

Action                     |  1- 3 |  4- 6 |  7- 9 | 10-12 || total
---------------------------+-------+-------+-------+-------++-------
  Melee: Trident           |   125 |   122 |    63 |       ||   310
         Headbutt          |     6 |    15 |    33 |    81 ||   135
         Hand axe          |       |       |   174 |   192 ||   366
         Falchion          |       |       |       |   121 ||   121
         Scimitar          |       |       |       |    18 ||    18
   Fire: Sling             |       |       |       |     3 ||     3
  Throw: Dart              |       |     2 |     1 |     2 ||     5
 Invoke: Heal Self         |       |       |     1 |     3 ||     4
    Use: Potion            |       |     1 |     4 |     7 ||    12
         Scroll            |       |       |     7 |     7 ||    14
 Armour: Scale mail        |    49 |       |       |       ||    49
         Plate armour      |       |    78 |   159 |   129 ||   366
         Chain mail        |       |       |       |   104 ||   104
  Dodge: Dodged            |    57 |    39 |    97 |   222 ||   415
  Block: Buckler           |    18 |    21 |    57 |    97 ||   193
         Kite shield       |       |       |       |    57 ||    57
